 Dungeon Crawl Stone Soup version 0.31-a0-229-g1fc7ce93e2 (webtiles) character file.

Game seed: 11517972923420008962

30 qw the Shooter (level 3, -1/29 HPs)
             Began as a Minotaur Hexslinger on July 6, 2023.
             Slain by Terence
             ... wielding a +0 flail of holy wrath
              (7 damage)
             ... on level 2 of the Dungeon.
             The game lasted 00:00:19 (658 turns).

qw the Shooter (Minotaur Hexslinger)                 Turns: 658, Time: 00:00:19

Health: -1/29      AC:  3    Str: 12    XL:     3   Next: 3%
Magic:  3/3        EV: 12    Int: 10    God:
Gold:   94         SH:  0    Dex: 14    Spells: 3/4 levels left

rFire   . . .        Y - +1 sling
rCold   . . .        (no shield)
rNeg    . . .        f - +0 leather armour
rPois   .            (helmet restricted)
rElec   .            (no cloak)
rCorr   .            (no gloves)
SInv    .            (no boots)
Will    .....        (no amulet)
Stlth   +            (no ring)
HPRegen 0.24/turn    (no ring)
MPRegen 0.08/turn

%: no passive effects
@: no status effects
A: horns 2, retaliatory headbutt
a: no special abilities


You were on level 2 of the Dungeon.
You visited 1 branch of the dungeon, and saw 2 of its levels.

You collected 94 gold pieces.


Innate Abilities, Weirdness & Mutations

You have a pair of horns on your head.
You reflexively headbutt those who attack you in melee.


   Skills:
 - Level 2.0 Fighting
 + Level 3.5 Ranged Weapons
 - Level 2.1 Dodging
 - Level 1.0 Spellcasting
 - Level 2.0 Hexes


You had 3 spell levels left.
You knew the following spells:

 Your Spells              Type           Power      Damage    Failure   Level
a - Slow                  Hex            16%        N/A       19%         1

Your spell library contained the following spells:

 Spells                   Type           Power      Damage    Failure   Level
 Inner Flame              Hex/Fire       2%         N/A       65%         3
 Portal Projectile        Hex/Tloc       4%         N/A       65%         3
 Cause Fear               Hex            2%         N/A       88%         4

Inventory:

Hand Weapons
 Y - a +1 sling (weapon)
Armour
 f - a +0 leather armour (worn)
Jewellery
 h - a ring of ice
Potions
 d - a potion of heal wounds {unknown}
 g - a potion of degeneration {unknown}

Dungeon Overview and Level Annotations

Branches:
Dungeon (2/15)

Altars:

Annotations:
D:2 Terence


Message History

HP restored.
Found 4 stones.
You see here 4 stones.
A hobgoblin comes into view.
Enter note: You shoot a sling bullet.
The sling bullet hits the hobgoblin.
The hobgoblin is almost dead.
You shoot a sling bullet. The sling bullet hits the hobgoblin.
You kill the hobgoblin!
You see here a hobgoblin corpse.
Found a hand axe.
Enter note: Terence the Incautious comes into view.
He is wielding a +0 flail of holy wrath.
Terence shouts!
Enter note: You shoot a sling bullet.
The sling bullet hits Terence but does no damage.
You shoot a sling bullet.
The sling bullet hits Terence but does no damage.
You shoot a sling bullet.
The sling bullet closely misses Terence.
You shoot a sling bullet.
The sling bullet hits Terence but does no damage.
You shoot a sling bullet.
The sling bullet hits Terence but does no damage.
Terence hits you with a +0 flail of holy wrath!
Terence barely misses you. You furiously retaliate!
You headbutt Terence. You shoot a sling bullet. The sling bullet hits Terence.
Terence is moderately wounded.
Terence hits you with a +0 flail of holy wrath!
You shoot a sling bullet. The sling bullet hits Terence.
Terence is moderately wounded.
Terence misses you.
You shoot a sling bullet. The sling bullet barely misses Terence.
Terence hits you with a +0 flail of holy wrath!
You shoot a sling bullet.
The sling bullet closely misses Terence.
Terence closely misses you.
Terence hits you with a +0 flail of holy wrath!
You die...

#........... ##.#
#......##### #...
#[.....# #...
#####.##.#.##### #...
......##.#......
####...#####.......###..
...$.......#...(........
...............#.#.##...
......@@...#..##.#.###..
##)......###.###.#.###..
#.#......%..###.#......
#...#.######..#######
#...#.# #.......#
..#.##.# #..####.# .#...
..# #.......## ..## ###
#..#...... .. #..#.#..##


You could see Terence.

Vanquished Creatures
  A worm (D:2)
  An endoplasm (D:1)
  A giant cockroach (D:1)
  2 goblins
  3 hobgoblins
  3 jackals (D:1)
  2 ball pythons (D:2)
  4 bats
  2 frilled lizards
  2 kobolds (D:1)
  3 rats (D:2)
24 creatures vanquished.

Notes
Turn   | Place    | Note
-------+----------+-------------------------------------------
     0 | D:1      | qw the Minotaur Hexslinger began the quest for the Orb.
     0 | D:1      | Reached XP level 1. HP: 16/16 MP: 1/1
     0 | D:1      | 0 ||| qw: Version: 0.3-a-46-gb1f654a
     0 | D:1      | 0 ||| qw: Game counter: 1571
     0 | D:1      | 0 ||| qw: Melee chars always use a shield: true
     0 | D:1      | 0 ||| qw: God list: Okawaru
     0 | D:1      | 0 ||| qw: Allow faded altars: false
     0 | D:1      | 0 ||| qw: Do Orc after clearing Dungeon:15 true
     0 | D:1      | 0 ||| qw: Do second Lair branch before Depths: true
     0 | D:1      | 0 ||| qw: Lair rune preference: random
     0 | D:1      | 0 ||| qw: Goals: Normal
     0 | D:1      | 0 ||| PLANNING D:1-11
    95 | D:1      | Reached skill level 3 in Ranged Weapons
    98 | D:1      | Reached XP level 2. HP: 22/23 MP: 2/2
   238 | D:1      | Found a faded altar of an unknown god.
   364 | D:1      | 364 ||| UPGRADING to +0 leather armour.
   374 | D:1      | 374 ||| DROPPING +0 robe.
   375 | D:1      | 375 ||| READING scroll labelled QAMOUQ DIABRO.
   376 | D:1      | 376 ||| READING scroll labelled OJYXES UBRAN.
   377 | D:1      | 377 ||| READING scroll labelled JAKOOV XATH.
   378 | D:1      | 378 ||| READING scroll labelled CIGAZO IKOISI.
   424 | D:1      | 424 ||| DROPPING scroll of poison.
   579 | D:2      | Reached XP level 3. HP: 23/29 MP: 3/3
   649 | D:2      | Noticed Terence
   657 | D:2      | HP: 5/29 [Terence/+0 flail of holy wrath (7)]
   658 | D:2      | Slain by Terence

Levels and vault maps discovered:
D:1:      wheals_arrival_shading, layout_rooms,
          ebering_ecumenical_altar_sacrificial
D:2:      layout_loops_cross, basic_altar, grunt_decor_one_mirror, uniq_natasha,
          uniq_terence

Skill      XL: |  1  2 |
---------------+-------+-----
Ranged Weapons | 3 |  3.5
Fighting       | 2 |  2.0
Dodging        | |  2.1
Spellcasting   | |  1.0
Hexes          | |  2.0

Action                     || total
---------------------------++-------
   Fire: Sling             ||    79
    Use: Scroll            ||     4
 Armour: Robe              ||     4
         Leather armour    ||     4
  Dodge: Dodged            ||    13

Table legend:
 A = Non-vault XP
 B = Vault XP
 C = Vault XP percentage of total XP
 D = Non-vault monster count
 E = Vault monster count
 F = Vault count percentage of total count
                 A         B        C        D         E       F
            +---------+---------+-------+---------+---------+-------
      Total |      43 |       0 |   0.0 |      24 |       0 |   0.0
            +---------+---------+-------+---------+---------+-------
        D:1 |      23 |       0 |   0.0 |      13 |       0 |   0.0
        D:2 |      20 |       0 |   0.0 |      11 |       0 |   0.0
            +---------+---------+-------+---------+---------+-------
